Sasquatch vs Atomiques
Created - March 11, 2020 at 19:43
Goals
|
| Sasquatch |
0 |
3 |
1 |
4 |
| Atomiques |
1 |
1 |
0 |
2 |
|
Shots
|
| Sasquatch |
2 |
15 |
14 |
31 |
| Atomiques |
9 |
9 |
15 |
33 |
|
1st period
1. Atomiques , Jonathan Huberdeau 19 (Corey Tropp 19, Oscar Sundqvist 27) at 14:27 (PP)
Penalties :
Brett Pesce (Gat) for Goalie Interference (Minor) at 14:10, Travis Sanheim (STB) for Roughing (Minor) at 16:19
2nd period
2. Sasquatch , Petr Straka 20 (Jujhar Khaira 29, Sergey Kalinin 16) at 0:34
3. Sasquatch , Petr Straka 21 (T.J. Tynan 12, Patrick Wey 32) at 7:32 (PP)
4. Atomiques , Corey Tropp 20 (Jonathan Huberdeau 36, Oscar Sundqvist 28) at 9:11 (PP)
5. Sasquatch , Teemu Hartikainen 12 (Dylan Sikura 4, Martin Marincin 12) at 19:17
Penalties :
Martin Marincin (Gat) for Hooking (Minor) at 4:24, Dalton Smith (STB) for Holding (Minor) at 6:54, Dylan DeMelo (Gat) for Hooking (Minor) at 8:47, Corey Tropp (STB) for Hooking (Minor) at 9:33, Dylan Sikura (Gat) for Hooking (Minor) at 15:40
3rd period
6. Sasquatch , Jimmy Vesey 19 (Matt Halischuk 50, Devin Shore 53) at 7:42
Penalties :
Jordan Schmaltz (STB) for Roughing (Minor) at 1:52, Dylan DeMelo (Gat) for Interference (Minor) at 4:28, Corey Tropp (STB) for Holding (Minor) at 13:36, Matt Halischuk (Gat) for Hooking (Minor) at 18:54
Goalie Stats
Joonas Korpisalo (Gat), 31 saves from 33 shots - (0.939), W, 28-14-3, 60:00 minutes
Connor Hellebyuk (STB), 27 saves from 31 shots - (0.871), L, 21-15-5, 60:00 minutes
Players Stats for Sasquatch
Player Name G A P +/- PIM S H SB GA TA FO MP PP MP PK MP
------------------------------------------------------------------------------------
Brett Pesce 0 0 0 1 2 1 1 2 0 2 0/0 21:39 3:42 1:56
Brock Trotter 0 0 0 0 0 2 2 0 0 0 0/0 8:41 0:00 0:56
Devin Shore 0 1 1 1 0 4 4 0 0 0 11/25 18:58 4:38 0:00
Dmitri Orlov 0 0 0 1 0 1 1 1 0 0 0/0 14:51 3:42 0:46
Dylan DeMelo 0 0 0 1 4 2 1 0 0 0 0/0 13:42 0:00 1:42
Dylan Sikura 0 1 1 1 2 1 2 0 0 0 0/0 11:25 0:00 0:00
Ian Cole 0 0 0 1 0 1 1 3 0 3 0/0 23:28 4:52 2:12
Jerry D'Amigo 0 0 0 0 0 0 0 0 0 0 0/0 7:57 0:00 2:00
Jimmy Vesey 1 0 1 1 0 4 2 0 0 1 2/4 18:58 4:38 0:00
Jujhar Khaira 0 1 1 1 0 1 2 0 0 0 0/0 16:39 3:56 2:00
Martin Marincin 0 1 1 1 2 0 1 2 1 1 0/0 18:03 0:00 3:21
Matt Halischuk 0 1 1 1 2 0 0 1 0 1 0/0 18:57 4:38 0:00
Patrick Wey 0 1 1 1 0 0 0 3 0 0 0/0 28:28 4:52 5:29
Petr Straka 2 0 2 1 0 8 4 0 1 0 0/0 17:56 3:56 1:19
Quinton Howden 0 0 0 1 0 3 2 1 0 0 4/6 10:44 0:00 0:00
Sergey Kalinin 0 1 1 1 0 1 0 2 0 0 6/16 15:51 0:00 4:34
T.J. Tynan 0 1 1 0 0 0 1 0 0 0 2/2 10:33 3:56 0:00
Teemu Hartikainen 1 0 1 1 0 2 2 1 1 0 0/0 15:21 0:00 4:37
Players Stats for Atomiques
Player Name G A P +/- PIM S H SB GA TA FO MP PP MP PK MP
------------------------------------------------------------------------------------
Anthony Nigro 0 0 0 0 0 2 3 2 0 0 1/5 12:09 0:00 2:27
Bobby Farnham 0 0 0 -1 0 1 2 0 0 0 0/0 7:28 0:14 0:00
Carl Dahlstrom 0 0 0 0 0 1 1 1 0 1 0/0 11:47 0:00 0:28
Colby Cohen 0 0 0 -2 0 0 2 1 0 0 0/0 22:22 2:58 5:38
Connor Clifton 0 0 0 0 0 2 0 2 0 0 0/0 15:08 0:00 3:36
Corey Tropp 1 1 2 -1 4 5 2 0 0 0 0/0 18:54 4:32 0:00
Dalton Smith 0 0 0 -1 2 0 0 2 1 0 0/0 7:27 0:14 0:00
Eric Mestery 0 0 0 -2 0 0 0 2 0 1 0/0 21:01 2:58 3:19
Freddie Hamilton 0 0 0 -1 0 1 0 0 0 0 1/1 7:18 0:00 0:09
Jacob De La Rose 0 0 0 0 0 1 0 0 0 0 0/1 14:24 0:00 4:42
Jonathan Huberdeau 1 1 2 -1 0 7 1 0 4 0 1/2 20:20 4:32 1:16
Jordan Schmaltz 0 0 0 -1 2 0 1 1 0 1 0/0 26:34 4:45 4:07
Kerby Rychel 0 0 0 -1 0 4 2 0 0 0 0/0 15:12 2:57 0:00
Max Friberg 0 0 0 0 0 1 2 1 0 0 1/1 12:28 0:14 2:27
Nick Schmaltz 0 0 0 -1 0 3 0 0 1 0 6/8 16:55 2:57 1:30
Oscar Sundqvist 0 2 2 -1 0 1 2 1 1 0 18/35 23:28 4:32 4:37
Travis Sanheim 0 0 0 -1 2 3 0 2 1 0 0/0 23:14 4:45 0:00
William Nylander 0 0 0 -1 0 1 3 0 0 0 0/0 15:12 2:57 0:00
3 Stars
1 - Petr Straka (Gat)
2 - Teemu Hartikainen (Gat)
3 - Jimmy Vesey (Gat)
Power Play
Sasquatch - 1 on 5 Attempt(s) - 20.00%
Atomiques - 2 on 6 Attempt(s) - 33.33%
Penalty Kill
Sasquatch - 4 on 6 Attempt(s) - 66.67%
- Score 0 goal in Penalty Kill
Atomiques - 4 on 5 Attempt(s) - 80.00%
- Score 0 goal in Penalty Kill
Team Stat
Sasquatch - Hits : 26 - Faceoff Wins : 25 - Blocked Shots : 16 - Penalty Minutes : 12
Atomiques - Hits : 21 - Faceoff Wins : 28 - Blocked Shots : 15 - Penalty Minutes : 10
Official
Referees : Unknown
Linesman : Unknown
Game Notes
Martin Marincin is injured at 11:19 of 3rd period (Sprained Left Ankle)
Finance
Level 1 -- Attendance: 1430 (71.50%) -- Ticket Income $57,200
Level 2 -- Attendance: 669 (66.90%) -- Ticket Income $13,380
Total Attendance: 2099 (69.97%)
Total Ticket Income: $70,580
Other Income: $3,529
Total Income: $74,109
Sasquatch
5 vs 5 Forward
Center Left Wing Right Wing Time % Phy DF OF
1 Devin Shore Jimmy Vesey Matt Halischuk 40 1 2 2
2 Sergey Kalinin Jujhar Khaira Petr Straka 30 1 2 2
3 Quinton Howden Teemu Hartikainen Dylan Sikura 20 1 2 2
4 T.J. Tynan Brock Trotter Jerry D'Amigo 10 1 2 2
5 vs 5 Defense
Defense Defense Time % Phy DF OF
1 Ian Cole Patrick Wey 40 1 2 2
2 Brett Pesce Martin Marincin 30 1 2 2
3 Dmitri Orlov Dylan DeMelo 20 1 2 2
4 Martin Marincin Patrick Wey 10 1 2 2
PowerPlay Forward
Center Left Wing Right Wing Time % Phy DF OF
1 Devin Shore Jimmy Vesey Matt Halischuk 60 1 2 2
2 T.J. Tynan Jujhar Khaira Petr Straka 40 1 2 2
PowerPlay Defense
Defense Defense Time % Phy DF OF
1 Ian Cole Patrick Wey 60 1 2 2
2 Dmitri Orlov Brett Pesce 40 1 2 2
Penalty Kill 4 Players Forward
Center Wing Time % Phy DF OF
1 Sergey Kalinin Teemu Hartikainen 60 1 2 2
2 Jerry D'Amigo Jujhar Khaira 40 1 2 2
Penalty Kill 4 Players Defense
Defense Defense Time % Phy DF OF
1 Patrick Wey Martin Marincin 60 1 2 2
2 Dylan DeMelo Ian Cole 40 1 2 2
Penalty Kill - 3 Players Forward
Forward Time % Phy DF OF
1 Brock Trotter 60 1 2 2
2 Quinton Howden 40 1 2 2
Penalty Kill - 3 Players Defense
Defense Defense Time % Phy DF OF
1 Ian Cole Martin Marincin 60 1 2 2
2 Patrick Wey Dylan DeMelo 40 1 2 2
4 vs 4 Forward
Center Wing Time % Phy DF OF
1 Quinton Howden Matt Halischuk 60 1 2 2
2 Sergey Kalinin Jujhar Khaira 40 1 2 2
4 vs 4 Defense
Defense Defense Time % Phy DF OF
1 Ian Cole Martin Marincin 60 1 2 2
2 Patrick Wey Brett Pesce 40 1 2 2
Last Minutes Offensive
Center Left Wing Right Wing Defense Defense
Devin Shore Jimmy Vesey Matt Halischuk Ian Cole Dmitri Orlov
Last Minutes Defensive
Center Left Wing Right Wing Defense Defense
Sergey Kalinin Jujhar Khaira Matt Halischuk Martin Marincin Patrick Wey
Goaltenders
Starting : Joonas Korpisalo
Backup : Corey Crawford
Extra Forwards
Normal : T.J. Tynan, Devin Shore, Petr Straka - PP : Sergey Kalinin, Quinton Howden - PK : Petr Straka
Extra Defensemen
Normal : Dmitri Orlov, Brett Pesce, Dylan DeMelo - PP : Brett Pesce - PK : Brett Pesce, Dmitri Orlov
Penalty Shots
Devin Shore, Matt Halischuk, Petr Straka, Brock Trotter, Jimmy Vesey
Scratches
Nikita Nesterov (Healthy), Hudson Fasching (Healthy), Garret Ross (Healthy), Christoffer Ehn (Healthy), Alex Lintuniemi (Healthy)
Cal Petersen (Healthy)
Atomiques
5 vs 5 Forward
Center Left Wing Right Wing Time % Phy DF OF
1 Oscar Sundqvist Jonathan Huberdeau Corey Tropp 40 1 2 2
2 Nick Schmaltz Kerby Rychel William Nylander 30 1 2 2
3 Anthony Nigro Jacob De La Rose Max Friberg 20 1 2 2
4 Freddie Hamilton Dalton Smith Bobby Farnham 10 1 2 2
5 vs 5 Defense
Defense Defense Time % Phy DF OF
1 Jordan Schmaltz Travis Sanheim 40 1 2 2
2 Eric Mestery Colby Cohen 30 1 2 2
3 Carl Dahlstrom Connor Clifton 20 1 2 2
4 Jordan Schmaltz Travis Sanheim 10 1 2 2
PowerPlay Forward
Center Left Wing Right Wing Time % Phy DF OF
1 Oscar Sundqvist Jonathan Huberdeau Corey Tropp 60 1 2 2
2 Nick Schmaltz Kerby Rychel William Nylander 40 1 2 2
PowerPlay Defense
Defense Defense Time % Phy DF OF
1 Jordan Schmaltz Travis Sanheim 60 1 2 2
2 Eric Mestery Colby Cohen 40 1 2 2
Penalty Kill 4 Players Forward
Center Wing Time % Phy DF OF
1 Oscar Sundqvist Jacob De La Rose 60 1 2 2
2 Anthony Nigro Max Friberg 40 1 2 2
Penalty Kill 4 Players Defense
Defense Defense Time % Phy DF OF
1 Jordan Schmaltz Colby Cohen 60 1 2 2
2 Eric Mestery Connor Clifton 40 1 2 2
Penalty Kill - 3 Players Forward
Forward Time % Phy DF OF
1 Oscar Sundqvist 60 1 2 2
2 Jacob De La Rose 40 1 2 2
Penalty Kill - 3 Players Defense
Defense Defense Time % Phy DF OF
1 Jordan Schmaltz Colby Cohen 60 1 2 2
2 Eric Mestery Connor Clifton 40 1 2 2
4 vs 4 Forward
Center Wing Time % Phy DF OF
1 Jonathan Huberdeau Corey Tropp 60 1 2 2
2 Oscar Sundqvist William Nylander 40 1 2 2
4 vs 4 Defense
Defense Defense Time % Phy DF OF
1 Jordan Schmaltz Colby Cohen 60 1 2 2
2 Eric Mestery Travis Sanheim 40 1 2 2
Last Minutes Offensive
Center Left Wing Right Wing Defense Defense
Oscar Sundqvist Jonathan Huberdeau William Nylander Jordan Schmaltz Travis Sanheim
Last Minutes Defensive
Center Left Wing Right Wing Defense Defense
Oscar Sundqvist Jacob De La Rose Corey Tropp Jordan Schmaltz Colby Cohen
Goaltenders
Starting : Connor Hellebyuk
Backup : Thatcher Demko
Extra Forwards
Normal : Bobby Farnham, William Nylander, Nick Schmaltz - PP : Bobby Farnham, William Nylander - PK : Nick Schmaltz
Extra Defensemen
Normal : Carl Dahlstrom, Connor Clifton, Eric Mestery - PP : Carl Dahlstrom - PK : Connor Clifton, Eric Mestery
Penalty Shots
Jonathan Huberdeau, Corey Tropp, Max Friberg, Oscar Sundqvist, Bobby Farnham
Scratches
Mike Halmo (Healthy), Michael Chaput (Healthy), Max McCormick (Healthy), Joseph Cramarossa (Healthy), Matt Tennyson (Strained Right Knee Injury)
Nicolas Aube-Kubel (Healthy), Axel Holmstrom (Healthy), Keegan Iverson (Healthy), Aaron Haydon (Healthy)
% Time on Ice - Sasquatch
Lines # - Real PCT - Wanted PCT - Time Play
Normal Forward
1 - 37% - 40% - 16:08
2 - 25% - 30% - 10:54
3 - 25% - 20% - 10:44
4 - 14% - 10% - 5:57
Normal Defense
1 - 38% - 40% - 16:37
2 - 36% - 30% - 15:50
3 - 21% - 20% - 9:19
4 - 4% - 10% - 1:57
PP Forward
1 - 54% - 60% - 4:38
2 - 46% - 40% - 3:56
PP Defense
1 - 57% - 60% - 4:52
2 - 43% - 40% - 3:42
PK Forward
1 - 74% - 60% - 5:43
2 - 26% - 40% - 2:00
PK Defense
1 - 71% - 60% - 5:31
2 - 29% - 40% - 2:12
PK3 Forward
1 - 0% - 60%
2 - 0% - 40%
PK3 Defense
1 - 0% - 60%
2 - 0% - 40%
44 Forward
1 - 0% - 60%
2 - 0% - 40%
44 Defense
1 - 0% - 60%
2 - 0% - 40%
Last Minute Offensive - 0:00
Last Minute Defensive - 0:00
Total
Forward - 60:00
Defense - 60:00
|
% Time on Ice - Atomiques
Lines # - Real PCT - Wanted PCT - Time Play
Normal Forward
1 - 33% - 40% - 14:37
2 - 28% - 30% - 12:15
3 - 22% - 20% - 9:42
4 - 16% - 10% - 7:09
Normal Defense
1 - 41% - 40% - 18:03
2 - 29% - 30% - 12:50
3 - 25% - 20% - 11:04
4 - 4% - 10% - 1:46
PP Forward
1 - 62% - 60% - 4:46
2 - 38% - 40% - 2:57
PP Defense
1 - 62% - 60% - 4:45
2 - 38% - 40% - 2:58
PK Forward
1 - 71% - 60% - 6:07
2 - 29% - 40% - 2:27
PK Defense
1 - 69% - 60% - 5:56
2 - 31% - 40% - 2:38
PK3 Forward
1 - 0% - 60%
2 - 0% - 40%
PK3 Defense
1 - 0% - 60%
2 - 0% - 40%
44 Forward
1 - 0% - 60%
2 - 0% - 40%
44 Defense
1 - 0% - 60%
2 - 0% - 40%
Last Minute Offensive - 0:00
Last Minute Defensive - 0:00
Total
Forward - 60:00
Defense - 60:00
|
Play-by-Play
1st period
0:01 of 1st period - Oscar Sundqvist wins face-off versus Devin Shore in neutral zone.
0:15 of 1st period - Off-side.
0:16 of 1st period - Nick Schmaltz wins face-off versus Sergey Kalinin in neutral zone.
1:08 of 1st period - Wrist shot by Bobby Farnham.
1:08 of 1st period - Deflect By Dalton Smith.
1:08 of 1st period - Shot Misses the Net.
1:08 of 1st period - Puck is out of play.
1:09 of 1st period - T.J. Tynan wins face-off versus Oscar Sundqvist in Sasquatch zone.
1:09 of 1st period - T.J. Tynan is hit by Corey Tropp.
1:43 of 1st period - Snap shot by Kerby Rychel.
1:43 of 1st period - Stopped by Joonas Korpisalo without a rebound.
1:44 of 1st period - Anthony Nigro wins face-off versus Sergey Kalinin in Sasquatch zone.
2:09 of 1st period - Eric Mestery is hit by Ian Cole and loses puck.
2:56 of 1st period - Snap shot by Brock Trotter.
2:56 of 1st period - Shot Blocked by Travis Sanheim.
4:02 of 1st period - Snap shot by Jonathan Huberdeau.
4:02 of 1st period - Stopped by Joonas Korpisalo with a rebound.
5:40 of 1st period - Off-side.
5:41 of 1st period - Oscar Sundqvist wins face-off versus Devin Shore in neutral zone.
5:44 of 1st period - Snap shot by Corey Tropp.
5:44 of 1st period - Shot Misses the Net.
5:50 of 1st period - Oscar Sundqvist is hit by Devin Shore and loses puck.
6:07 of 1st period - Patrick Wey is hit by Kerby Rychel and loses puck.
6:14 of 1st period - Snap shot by Nick Schmaltz.
6:14 of 1st period - Shot Blocked by Patrick Wey.
6:31 of 1st period - Off-side.
6:32 of 1st period - Quinton Howden wins face-off versus Anthony Nigro in neutral zone.
6:43 of 1st period - Anthony Nigro is hit by Dylan Sikura.
6:59 of 1st period - Snap shot by Matt Halischuk.
6:59 of 1st period - Shot Misses the Net.
7:01 of 1st period - Wrist shot by Devin Shore.
7:01 of 1st period - Shot Misses the Net.
7:03 of 1st period - Wrist shot by Matt Halischuk.
7:03 of 1st period - Shot Blocked by Oscar Sundqvist.
7:05 of 1st period - Snap shot by Jimmy Vesey.
7:05 of 1st period - Shot Misses the Net.
7:21 of 1st period - Colby Cohen is hit by Petr Straka and loses puck.
7:36 of 1st period - Snap shot by Dalton Smith.
7:36 of 1st period - Shot Blocked by Ian Cole.
8:21 of 1st period - Carl Dahlstrom is hit by Devin Shore and loses puck.
8:46 of 1st period - Snap shot by William Nylander.
8:46 of 1st period - Shot Blocked by Sergey Kalinin.
8:48 of 1st period - Slapshot by Nick Schmaltz.
8:48 of 1st period - Shot Blocked by Dmitri Orlov.
9:02 of 1st period - Oscar Sundqvist is hit by Brock Trotter and loses puck.
9:51 of 1st period - Brett Pesce is hit by Anthony Nigro and loses puck.
9:58 of 1st period - Carl Dahlstrom is hit by Dmitri Orlov and loses puck.
10:09 of 1st period - Sergey Kalinin is hit by William Nylander and loses puck.
10:16 of 1st period - Slapshot by William Nylander.
10:16 of 1st period - Stopped by Joonas Korpisalo without a rebound.
10:17 of 1st period - Sergey Kalinin wins face-off versus Oscar Sundqvist in Sasquatch zone.
10:33 of 1st period - Wrist shot by Corey Tropp.
10:33 of 1st period - Stopped by Joonas Korpisalo with a rebound.
11:09 of 1st period - Colby Cohen is hit by Martin Marincin and loses puck.
11:57 of 1st period - Dalton Smith is hit by Jujhar Khaira and loses puck.
12:24 of 1st period - Nick Schmaltz is hit by Devin Shore and loses puck.
12:41 of 1st period - Snap shot by Teemu Hartikainen.
12:41 of 1st period - Shot Blocked by Carl Dahlstrom.
12:43 of 1st period - Slapshot by Ian Cole.
12:43 of 1st period - Deflect By Quinton Howden.
12:43 of 1st period - Stopped by Connor Hellebyuk without a rebound.
12:44 of 1st period - Quinton Howden wins face-off versus Anthony Nigro in Atomiques zone.
12:58 of 1st period - Wrist shot by Max Friberg.
12:58 of 1st period - Shot Blocked by Brett Pesce.
13:00 of 1st period - Wrist shot by Jacob De La Rose.
13:00 of 1st period - Stopped by Joonas Korpisalo without a rebound.
13:01 of 1st period - Devin Shore wins face-off versus Oscar Sundqvist in Sasquatch zone.
13:30 of 1st period - Slapshot by Petr Straka.
13:30 of 1st period - Deflect By Sergey Kalinin.
13:30 of 1st period - Shot Misses the Net.
13:30 of 1st period - Puck is out of play.
13:31 of 1st period - Nick Schmaltz wins face-off versus Sergey Kalinin in Atomiques zone.
13:36 of 1st period - Wrist shot by Nick Schmaltz.
13:36 of 1st period - Stopped by Joonas Korpisalo with a rebound.
13:38 of 1st period - Snap shot by William Nylander.
13:38 of 1st period - Shot Blocked by Brett Pesce.
13:51 of 1st period - Wrist shot by William Nylander.
13:51 of 1st period - Shot Misses the Net.
14:10 of 1st period - Minor Penalty to Brett Pesce for Goalie Interference.
14:11 of 1st period - Sergey Kalinin wins face-off versus Oscar Sundqvist in Sasquatch zone.
14:25 of 1st period - Slapshot by Corey Tropp.
14:25 of 1st period - Shot Hit the Post.
14:27 of 1st period - Snap shot by Jonathan Huberdeau.
14:27 of 1st period - Goal by Jonathan Huberdeau - Sasquatch : 0 - Atomiques : 1.
14:28 of 1st period - Oscar Sundqvist wins face-off versus Devin Shore in neutral zone.
15:18 of 1st period - Sergey Kalinin is hit by Max Friberg and loses puck.
15:43 of 1st period - Martin Marincin is hit by Bobby Farnham.
16:19 of 1st period - Minor Penalty to Travis Sanheim for Roughing.
16:20 of 1st period - Devin Shore wins face-off versus Oscar Sundqvist in Atomiques zone.
16:21 of 1st period - Wrist shot by Jimmy Vesey.
16:21 of 1st period - Stopped by Connor Hellebyuk with a rebound.
17:07 of 1st period - Slapshot by Patrick Wey.
17:07 of 1st period - Shot Blocked by Anthony Nigro.
17:09 of 1st period - Wrist shot by Petr Straka.
17:09 of 1st period - Shot Blocked by Connor Clifton.
17:35 of 1st period - Jimmy Vesey is hit by Jonathan Huberdeau and loses puck.
18:19 of 1st period - Penalty to Travis Sanheim is over, Travis Sanheim is back on ice.
19:23 of 1st period - Wrist shot by Anthony Nigro.
19:23 of 1st period - Stopped by Joonas Korpisalo with a rebound.
19:43 of 1st period - Snap shot by Nick Schmaltz.
19:43 of 1st period - Stopped by Joonas Korpisalo with a rebound.
Goals for this period are 0 for Sasquatch vs 1 for Atomiques.
Shots for this period are 2 for Sasquatch vs 9 for Atomiques.
2nd period
0:01 of 2nd period - Oscar Sundqvist wins face-off versus Devin Shore in neutral zone.
0:10 of 2nd period - Slapshot by Jordan Schmaltz.
0:10 of 2nd period - Shot Misses the Net.
0:28 of 2nd period - Snap shot by Ian Cole.
0:28 of 2nd period - Stopped by Connor Hellebyuk with a rebound.
0:30 of 2nd period - Wrist shot by Sergey Kalinin.
0:30 of 2nd period - Deflect By Petr Straka.
0:30 of 2nd period - Stopped by Connor Hellebyuk with a rebound.
0:32 of 2nd period - Slapshot by Jujhar Khaira.
0:32 of 2nd period - Stopped by Connor Hellebyuk with a rebound.
0:34 of 2nd period - Wrist shot by Petr Straka.
0:34 of 2nd period - Goal by Petr Straka - Sasquatch : 1 - Atomiques : 1.
0:35 of 2nd period - Oscar Sundqvist wins face-off versus Devin Shore in neutral zone.
1:01 of 2nd period - Travis Sanheim is hit by Petr Straka and loses puck.
1:10 of 2nd period - Wrist shot by Petr Straka.
1:10 of 2nd period - Stopped by Connor Hellebyuk with a rebound.
1:12 of 2nd period - Snap shot by Brett Pesce.
1:12 of 2nd period - Stopped by Connor Hellebyuk with a rebound.
1:24 of 2nd period - Wrist shot by Max Friberg.
1:24 of 2nd period - Shot Misses the Net.
1:26 of 2nd period - Wrist shot by Max Friberg.
1:26 of 2nd period - Stopped by Joonas Korpisalo with a rebound.
1:58 of 2nd period - Eric Mestery is hit by Brock Trotter and loses puck.
2:33 of 2nd period - Snap shot by Corey Tropp.
2:33 of 2nd period - Deflect By Jonathan Huberdeau.
2:33 of 2nd period - Stopped by Joonas Korpisalo without a rebound.
2:34 of 2nd period - Oscar Sundqvist wins face-off versus Devin Shore in Sasquatch zone.
4:24 of 2nd period - Minor Penalty to Martin Marincin for Hooking.
4:25 of 2nd period - Sergey Kalinin wins face-off versus Oscar Sundqvist in Sasquatch zone.
5:31 of 2nd period - Brock Trotter is hit by William Nylander and loses puck.
6:24 of 2nd period - Penalty to Martin Marincin is over, Martin Marincin is back on ice.
6:33 of 2nd period - Snap shot by Anthony Nigro.
6:33 of 2nd period - Shot Misses the Net.
6:37 of 2nd period - Wrist shot by Anthony Nigro.
6:37 of 2nd period - Shot Misses the Net.
6:39 of 2nd period - Slapshot by Carl Dahlstrom.
6:39 of 2nd period - Stopped by Joonas Korpisalo with a rebound.
6:41 of 2nd period - Wrist shot by Jacob De La Rose.
6:41 of 2nd period - Shot Misses the Net.
6:54 of 2nd period - Minor Penalty to Dalton Smith for Holding.
6:55 of 2nd period - Devin Shore wins face-off versus Oscar Sundqvist in Atomiques zone.
6:58 of 2nd period - Snap shot by Devin Shore.
6:58 of 2nd period - Stopped by Connor Hellebyuk without a rebound.
6:59 of 2nd period - Oscar Sundqvist wins face-off versus Devin Shore in Atomiques zone.
7:32 of 2nd period - Slapshot by Petr Straka.
7:32 of 2nd period - Goal by Petr Straka - Sasquatch : 2 - Atomiques : 1.
7:33 of 2nd period - Devin Shore wins face-off versus Oscar Sundqvist in neutral zone.
7:36 of 2nd period - Slapshot by Patrick Wey.
7:36 of 2nd period - Shot Blocked by Jordan Schmaltz.
7:46 of 2nd period - Snap shot by Jimmy Vesey.
7:46 of 2nd period - Shot Misses the Net.
8:47 of 2nd period - Minor Penalty to Dylan DeMelo for Hooking.
8:48 of 2nd period - Jonathan Huberdeau wins face-off versus Sergey Kalinin in Sasquatch zone.
8:49 of 2nd period - Snap shot by Oscar Sundqvist.
8:49 of 2nd period - Stopped by Joonas Korpisalo with a rebound.
8:51 of 2nd period - Slapshot by Jordan Schmaltz.
8:51 of 2nd period - Shot Blocked by Patrick Wey.
8:53 of 2nd period - Slapshot by Travis Sanheim.
8:53 of 2nd period - Shot Misses the Net.
8:55 of 2nd period - Slapshot by Jonathan Huberdeau.
8:55 of 2nd period - Deflect By Oscar Sundqvist.
8:55 of 2nd period - Shot Misses the Net.
8:55 of 2nd period - Puck is out of play.
8:56 of 2nd period - Sergey Kalinin wins face-off versus Jonathan Huberdeau in Sasquatch zone.
9:09 of 2nd period - Slapshot by Corey Tropp.
9:09 of 2nd period - Shot Blocked by Martin Marincin.
9:11 of 2nd period - Wrist shot by Corey Tropp.
9:11 of 2nd period - Goal by Corey Tropp - Sasquatch : 2 - Atomiques : 2.
9:12 of 2nd period - Jimmy Vesey wins face-off versus Oscar Sundqvist in neutral zone.
9:14 of 2nd period - Off-side.
9:15 of 2nd period - Devin Shore wins face-off versus Oscar Sundqvist in neutral zone.
9:17 of 2nd period - Ian Cole is hit by Jordan Schmaltz and loses puck.
9:33 of 2nd period - Minor Penalty to Corey Tropp for Hooking.
9:34 of 2nd period - Oscar Sundqvist wins face-off versus Devin Shore in Atomiques zone.
9:42 of 2nd period - Colby Cohen is hit by Devin Shore.
11:33 of 2nd period - Penalty to Corey Tropp is over, Corey Tropp is back on ice.
11:47 of 2nd period - Snap shot by Quinton Howden.
11:47 of 2nd period - Stopped by Connor Hellebyuk with a rebound.
11:49 of 2nd period - Snap shot by Quinton Howden.
11:49 of 2nd period - Shot Misses the Net.
12:09 of 2nd period - T.J. Tynan is hit by Colby Cohen and loses puck.
12:20 of 2nd period - Kerby Rychel is hit by Quinton Howden and loses puck.
12:31 of 2nd period - Dylan DeMelo is hit by Max Friberg and loses puck.
13:25 of 2nd period - Dylan Sikura is hit by Anthony Nigro and loses puck.
15:02 of 2nd period - Wrist shot by Jonathan Huberdeau.
15:02 of 2nd period - Stopped by Joonas Korpisalo with a rebound.
15:18 of 2nd period - Snap shot by Kerby Rychel.
15:18 of 2nd period - Stopped by Joonas Korpisalo without a rebound.
15:19 of 2nd period - Nick Schmaltz wins face-off versus Quinton Howden in Sasquatch zone.
15:30 of 2nd period - William Nylander is hit by Teemu Hartikainen and loses puck.
15:40 of 2nd period - Minor Penalty to Dylan Sikura for Hooking.
15:41 of 2nd period - Sergey Kalinin wins face-off versus Oscar Sundqvist in Sasquatch zone.
17:40 of 2nd period - Penalty to Dylan Sikura is over, Dylan Sikura is back on ice.
18:07 of 2nd period - Snap shot by Brock Trotter.
18:07 of 2nd period - Deflect By Petr Straka.
18:07 of 2nd period - Stopped by Connor Hellebyuk with a rebound.
18:09 of 2nd period - Backhand shot by Dmitri Orlov.
18:09 of 2nd period - Shot Blocked by Travis Sanheim.
18:11 of 2nd period - Backhand shot by Petr Straka.
18:11 of 2nd period - Stopped by Connor Hellebyuk with a rebound.
18:21 of 2nd period - Slapshot by Petr Straka.
18:21 of 2nd period - Stopped by Connor Hellebyuk without a rebound.
18:22 of 2nd period - Jimmy Vesey wins face-off versus Oscar Sundqvist in Atomiques zone.
18:23 of 2nd period - Snap shot by Devin Shore.
18:23 of 2nd period - Stopped by Connor Hellebyuk without a rebound.
18:24 of 2nd period - Oscar Sundqvist wins face-off versus Devin Shore in Atomiques zone.
19:07 of 2nd period - Wrist shot by Teemu Hartikainen.
19:07 of 2nd period - Shot Misses the Net.
19:09 of 2nd period - Slapshot by Dylan Sikura.
19:09 of 2nd period - Stopped by Connor Hellebyuk with a rebound.
19:11 of 2nd period - Wrist shot by Dylan Sikura.
19:11 of 2nd period - Shot Blocked by Eric Mestery.
19:13 of 2nd period - Snap shot by Martin Marincin.
19:13 of 2nd period - Shot Misses the Net.
19:15 of 2nd period - Snap shot by Dylan Sikura.
19:15 of 2nd period - Shot Blocked by Dalton Smith.
19:17 of 2nd period - Snap shot by Teemu Hartikainen.
19:17 of 2nd period - Goal by Teemu Hartikainen - Sasquatch : 3 - Atomiques : 2.
19:18 of 2nd period - Oscar Sundqvist wins face-off versus Jimmy Vesey in neutral zone.
19:23 of 2nd period - Slapshot by Travis Sanheim.
19:23 of 2nd period - Stopped by Joonas Korpisalo with a rebound.
19:29 of 2nd period - Snap shot by Corey Tropp.
19:29 of 2nd period - Stopped by Joonas Korpisalo with a rebound.
19:45 of 2nd period - Travis Sanheim is hit by Petr Straka and loses puck.
19:56 of 2nd period - Kerby Rychel is hit by Petr Straka and loses puck.
Goals for this period are 3 for Sasquatch vs 1 for Atomiques.
Shots for this period are 15 for Sasquatch vs 9 for Atomiques.
3rd period
0:01 of 3rd period - Oscar Sundqvist wins face-off versus Devin Shore in neutral zone.
0:08 of 3rd period - Travis Sanheim is hit by Jimmy Vesey.
0:16 of 3rd period - Snap shot by Oscar Sundqvist.
0:16 of 3rd period - Shot Misses the Net.
1:11 of 3rd period - Snap shot by Brock Trotter.
1:11 of 3rd period - Shot Misses the Net.
1:13 of 3rd period - Snap shot by Brock Trotter.
1:13 of 3rd period - Shot Misses the Net.
1:15 of 3rd period - Slapshot by Brock Trotter.
1:15 of 3rd period - Stopped by Connor Hellebyuk without a rebound.
1:16 of 3rd period - Freddie Hamilton wins face-off versus Jimmy Vesey in Atomiques zone.
1:25 of 3rd period - Snap shot by Jimmy Vesey.
1:25 of 3rd period - Shot Blocked by Connor Clifton.
1:27 of 3rd period - Backhand shot by Devin Shore.
1:27 of 3rd period - Stopped by Connor Hellebyuk with a rebound.
1:29 of 3rd period - Snap shot by Devin Shore.
1:29 of 3rd period - Shot Misses the Net.
1:31 of 3rd period - Wrist shot by Devin Shore.
1:31 of 3rd period - Stopped by Connor Hellebyuk with a rebound.
1:45 of 3rd period - Slapshot by Quinton Howden.
1:45 of 3rd period - Shot Blocked by Dalton Smith.
1:47 of 3rd period - Snap shot by Dmitri Orlov.
1:47 of 3rd period - Stopped by Connor Hellebyuk with a rebound.
1:49 of 3rd period - Slapshot by Dylan DeMelo.
1:49 of 3rd period - Stopped by Connor Hellebyuk without a rebound.
1:50 of 3rd period - Oscar Sundqvist wins face-off versus Devin Shore in Atomiques zone.
1:52 of 3rd period - Minor Penalty to Jordan Schmaltz for Roughing.
1:53 of 3rd period - Devin Shore wins face-off versus Oscar Sundqvist in Atomiques zone.
2:05 of 3rd period - Snap shot by Jimmy Vesey.
2:05 of 3rd period - Shot Misses the Net.
2:29 of 3rd period - Slapshot by Petr Straka.
2:29 of 3rd period - Shot Blocked by Colby Cohen.
3:52 of 3rd period - Penalty to Jordan Schmaltz is over, Jordan Schmaltz is back on ice.
4:00 of 3rd period - Snap shot by Bobby Farnham.
4:00 of 3rd period - Stopped by Joonas Korpisalo with a rebound.
4:04 of 3rd period - Snap shot by Freddie Hamilton.
4:04 of 3rd period - Stopped by Joonas Korpisalo with a rebound.
4:06 of 3rd period - Slapshot by Connor Clifton.
4:06 of 3rd period - Stopped by Joonas Korpisalo without a rebound.
4:07 of 3rd period - Quinton Howden wins face-off versus Nick Schmaltz in Sasquatch zone.
4:20 of 3rd period - Snap shot by Quinton Howden.
4:20 of 3rd period - Stopped by Connor Hellebyuk with a rebound.
4:28 of 3rd period - Minor Penalty to Dylan DeMelo for Interference.
4:29 of 3rd period - Oscar Sundqvist wins face-off versus Sergey Kalinin in Sasquatch zone.
4:42 of 3rd period - Snap shot by Jonathan Huberdeau.
4:42 of 3rd period - Stopped by Joonas Korpisalo without a rebound.
4:43 of 3rd period - Oscar Sundqvist wins face-off versus Sergey Kalinin in Sasquatch zone.
4:46 of 3rd period - Backhand shot by Jonathan Huberdeau.
4:46 of 3rd period - Stopped by Joonas Korpisalo with a rebound.
4:48 of 3rd period - Snap shot by Jonathan Huberdeau.
4:48 of 3rd period - Shot Misses the Net.
4:50 of 3rd period - Snap shot by Corey Tropp.
4:50 of 3rd period - Shot Blocked by Teemu Hartikainen.
4:52 of 3rd period - Slapshot by Travis Sanheim.
4:52 of 3rd period - Stopped by Joonas Korpisalo with a rebound.
4:54 of 3rd period - Backhand shot by Corey Tropp.
4:54 of 3rd period - Stopped by Joonas Korpisalo without a rebound.
4:55 of 3rd period - Oscar Sundqvist wins face-off versus Sergey Kalinin in Sasquatch zone.
6:27 of 3rd period - Petr Straka is hit by William Nylander.
6:28 of 3rd period - Penalty to Dylan DeMelo is over, Dylan DeMelo is back on ice.
6:53 of 3rd period - Jacob De La Rose is hit by T.J. Tynan and loses puck.
6:58 of 3rd period - Snap shot by Petr Straka.
6:58 of 3rd period - Stopped by Connor Hellebyuk with a rebound.
7:00 of 3rd period - Wrist shot by T.J. Tynan.
7:00 of 3rd period - Shot Misses the Net.
7:02 of 3rd period - Wrist shot by Petr Straka.
7:02 of 3rd period - Shot Misses the Net.
7:04 of 3rd period - Snap shot by Petr Straka.
7:04 of 3rd period - Shot Blocked by Anthony Nigro.
7:32 of 3rd period - Snap shot by Brock Trotter.
7:32 of 3rd period - Stopped by Connor Hellebyuk without a rebound.
7:33 of 3rd period - Devin Shore wins face-off versus Oscar Sundqvist in Atomiques zone.
7:40 of 3rd period - Snap shot by Jimmy Vesey.
7:40 of 3rd period - Stopped by Connor Hellebyuk with a rebound.
7:42 of 3rd period - Snap shot by Jimmy Vesey.
7:42 of 3rd period - Goal by Jimmy Vesey - Sasquatch : 4 - Atomiques : 2.
7:43 of 3rd period - Devin Shore wins face-off versus Oscar Sundqvist in neutral zone.
7:51 of 3rd period - Off-side.
7:52 of 3rd period - Oscar Sundqvist wins face-off versus Devin Shore in neutral zone.
8:31 of 3rd period - Off-side.
8:32 of 3rd period - Nick Schmaltz wins face-off versus Sergey Kalinin in neutral zone.
8:59 of 3rd period - Dylan Sikura is hit by Bobby Farnham and loses puck.
9:04 of 3rd period - Slapshot by Freddie Hamilton.
9:04 of 3rd period - Shot Hit the Post.
9:06 of 3rd period - Slapshot by Carl Dahlstrom.
9:06 of 3rd period - Deflect By Freddie Hamilton.
9:06 of 3rd period - Shot Blocked by Quinton Howden.
9:06 of 3rd period - Puck is out of play.
9:07 of 3rd period - Devin Shore wins face-off versus Oscar Sundqvist in Sasquatch zone.
9:07 of 3rd period - Devin Shore is hit by Carl Dahlstrom.
9:19 of 3rd period - Wrist shot by Jimmy Vesey.
9:19 of 3rd period - Stopped by Connor Hellebyuk with a rebound.
9:37 of 3rd period - Wrist shot by William Nylander.
9:37 of 3rd period - Shot Blocked by Sergey Kalinin.
9:39 of 3rd period - Wrist shot by William Nylander.
9:39 of 3rd period - Deflect By Kerby Rychel.
9:39 of 3rd period - Shot Blocked by Patrick Wey.
9:39 of 3rd period - Puck is out of play.
9:40 of 3rd period - Nick Schmaltz wins face-off versus Sergey Kalinin in Sasquatch zone.
10:07 of 3rd period - Jimmy Vesey is hit by Oscar Sundqvist and loses puck.
10:12 of 3rd period - Wrist shot by Jonathan Huberdeau.
10:12 of 3rd period - Shot Misses the Net.
10:14 of 3rd period - Slapshot by Jordan Schmaltz.
10:14 of 3rd period - Shot Misses the Net.
10:22 of 3rd period - Jordan Schmaltz is hit by Jimmy Vesey and loses puck.
10:31 of 3rd period - Backhand shot by Oscar Sundqvist.
10:31 of 3rd period - Shot Hit the Post.
10:55 of 3rd period - Wrist shot by Corey Tropp.
10:55 of 3rd period - Stopped by Joonas Korpisalo with a rebound.
10:57 of 3rd period - Wrist shot by Eric Mestery.
10:57 of 3rd period - Shot Blocked by Matt Halischuk.
11:17 of 3rd period - Snap shot by Corey Tropp.
11:17 of 3rd period - Shot Misses the Net.
11:19 of 3rd period - Slapshot by Travis Sanheim.
11:19 of 3rd period - Shot Blocked by Martin Marincin.
11:19 of 3rd period - Martin Marincin from Sasquatch is injured at 11:19 of 3rd period (Sprained Left Ankle).
11:20 of 3rd period - Sergey Kalinin wins face-off versus Oscar Sundqvist in Sasquatch zone.
11:25 of 3rd period - Wrist shot by Sergey Kalinin.
11:25 of 3rd period - Stopped by Connor Hellebyuk with a rebound.
11:31 of 3rd period - Slapshot by Travis Sanheim.
11:31 of 3rd period - Shot Blocked by Ian Cole.
11:35 of 3rd period - Wrist shot by Jonathan Huberdeau.
11:35 of 3rd period - Stopped by Joonas Korpisalo without a rebound.
11:36 of 3rd period - Nick Schmaltz wins face-off versus Devin Shore in Sasquatch zone.
11:41 of 3rd period - Snap shot by Kerby Rychel.
11:41 of 3rd period - Shot Misses the Net.
11:47 of 3rd period - Wrist shot by Kerby Rychel.
11:47 of 3rd period - Shot Misses the Net.
11:51 of 3rd period - Slapshot by Kerby Rychel.
11:51 of 3rd period - Deflect By Devin Shore.
11:51 of 3rd period - Stopped by Joonas Korpisalo with a rebound.
12:01 of 3rd period - Sergey Kalinin is hit by Oscar Sundqvist and loses puck.
12:24 of 3rd period - Wrist shot by Teemu Hartikainen.
12:24 of 3rd period - Stopped by Connor Hellebyuk with a rebound.
12:29 of 3rd period - Travis Sanheim is hit by Dylan Sikura and loses puck.
13:36 of 3rd period - Minor Penalty to Corey Tropp for Holding.
13:37 of 3rd period - Oscar Sundqvist wins face-off versus Devin Shore in Atomiques zone.
14:57 of 3rd period - Connor Clifton is hit by Brett Pesce and loses puck.
15:14 of 3rd period - Jacob De La Rose is hit by Jujhar Khaira and loses puck.
15:25 of 3rd period - T.J. Tynan is hit by Colby Cohen and loses puck.
15:36 of 3rd period - Penalty to Corey Tropp is over, Corey Tropp is back on ice.
15:46 of 3rd period - Slapshot by Nick Schmaltz.
15:46 of 3rd period - Shot Misses the Net.
15:48 of 3rd period - Slapshot by Connor Clifton.
15:48 of 3rd period - Stopped by Joonas Korpisalo without a rebound.
15:49 of 3rd period - Quinton Howden wins face-off versus Nick Schmaltz in Sasquatch zone.
15:58 of 3rd period - Slapshot by Kerby Rychel.
15:58 of 3rd period - Shot Misses the Net.
16:00 of 3rd period - Slapshot by Travis Sanheim.
16:00 of 3rd period - Shot Misses the Net.
16:02 of 3rd period - Slapshot by Connor Clifton.
16:02 of 3rd period - Shot Blocked by Ian Cole.
16:38 of 3rd period - Dylan DeMelo is hit by Corey Tropp and loses puck.
16:48 of 3rd period - Icing by Dylan DeMelo.
16:49 of 3rd period - Devin Shore wins face-off versus Anthony Nigro in Sasquatch zone.
17:04 of 3rd period - Wrist shot by Anthony Nigro.
17:04 of 3rd period - Stopped by Joonas Korpisalo with a rebound.
17:16 of 3rd period - Jonathan Huberdeau is hit by Teemu Hartikainen.
17:20 of 3rd period - Jonathan Huberdeau is hit by Quinton Howden and loses puck.
17:33 of 3rd period - Brett Pesce is hit by Kerby Rychel and loses puck.
17:37 of 3rd period - Icing by Brett Pesce.
17:38 of 3rd period - Max Friberg wins face-off versus Quinton Howden in Sasquatch zone.
17:45 of 3rd period - Max Friberg is hit by Dylan DeMelo and loses puck.
17:52 of 3rd period - Wrist shot by Quinton Howden.
17:52 of 3rd period - Shot Blocked by Max Friberg.
18:06 of 3rd period - Snap shot by Teemu Hartikainen.
18:06 of 3rd period - Shot Blocked by Eric Mestery.
18:08 of 3rd period - Snap shot by Dylan Sikura.
18:08 of 3rd period - Shot Misses the Net.
18:10 of 3rd period - Slapshot by Quinton Howden.
18:10 of 3rd period - Shot Misses the Net.
18:12 of 3rd period - Snap shot by Dylan DeMelo.
18:12 of 3rd period - Stopped by Connor Hellebyuk without a rebound.
18:13 of 3rd period - T.J. Tynan wins face-off versus Anthony Nigro in Atomiques zone.
18:26 of 3rd period - Patrick Wey is hit by Anthony Nigro and loses puck.
18:47 of 3rd period - Snap shot by William Nylander.
18:47 of 3rd period - Deflect By Kerby Rychel.
18:47 of 3rd period - Stopped by Joonas Korpisalo with a rebound.
18:49 of 3rd period - Snap shot by William Nylander.
18:49 of 3rd period - Shot Misses the Net.
18:51 of 3rd period - Snap shot by Nick Schmaltz.
18:51 of 3rd period - Stopped by Joonas Korpisalo without a rebound.
18:52 of 3rd period - Devin Shore wins face-off versus Jacob De La Rose in Sasquatch zone.
18:54 of 3rd period - Minor Penalty to Matt Halischuk for Hooking.
18:55 of 3rd period - Oscar Sundqvist wins face-off versus Sergey Kalinin in Sasquatch zone.
19:11 of 3rd period - Snap shot by Travis Sanheim.
19:11 of 3rd period - Stopped by Joonas Korpisalo with a rebound.
Goals for this period are 1 for Sasquatch vs 0 for Atomiques.
Shots for this period are 14 for Sasquatch vs 15 for Atomiques.
Back to the Top